 Dungeon Crawl Stone Soup version 0.21-a0-460-g737a915 (webtiles) character file.

2 4thArraOfDagon the Ruffian (level 1, -1/16 HPs)
             Began as a Centaur Transmuter on Nov 20, 2017.
             Killed from afar by an orc wizard (6 damage)
             ... with a magic dart
             ... on level 4 of the Dungeon.
             The game lasted 00:01:08 (136 turns).

4thArraOfDagon the Ruffian (Centaur Transmuter)      Turns: 136, Time: 00:01:09

Health: -1/16      AC:  4    Str: 10 (12) XL:     1   Next: 33%
Magic:  3/3        EV:  9    Int:  9 (12) God:
Gold:   24         SH:  0    Dex:  6 (9)  Spells: 2/3 levels left

rFire    . . .     SeeInvis .     - Unarmed
rCold    . . .     Gourm    .   (no shield)
rNeg     . . .     Faith    .   b - +0 robe
rPois    .         Spirit   .   (no helmet)
rElec    .         Reflect  .   (no cloak)
rCorr    .         Harm     .   (no gloves)
MR       .....                  (no barding)
Stlth    ..........             (no amulet)
HPRegen  0.05/turn              (no ring)
MPRegen  0.08/turn              (no ring)

@: very quick
A: hooves 3, deformed body, speed 2, tough skin 3
a: no special abilities


You were on level 4 of the Dungeon.
You were not hungry.

You visited 1 branch of the dungeon, and saw 4 of its levels.

You collected 24 gold pieces.

Inventory:

Missiles
 a - 12 arrows
Armour
 b - a +0 robe (worn)
Scrolls
 g - 2 scrolls of enchant armour
Books
 c - a book of Changes

   Spells                             Type                      Level
   a - Beastly Appendage              Transmutation                1
   b - Sticks to Snakes               Transmutation                2
   c - Spider Form                    Transmutation/Poison         3
   d - Ice Form                       Ice/Transmutation            4
   e - Blade Hands                    Transmutation                5
Comestibles
 d - 2 bread rations
 f - a royal jelly
 h - a meat ration


   Skills:
 - Level 1.0 Fighting
 - Level 1.3 Dodging
 * Level 3.1 Unarmed Combat
 + Level 1.6 Spellcasting
 + Level 1.8 Transmutations


You had 2 spell levels left.
You knew the following spells:

 Your Spells              Type           Power        Failure   Level  Hunger
a - Beastly Appendage     Tmut           #.....       16%         1    ##.....


Dungeon Overview and Level Annotations

Branches:
Dungeon (4/15)
 Temple: D:4-7

Altars:


Innate Abilities, Weirdness & Mutations

You have hooves in place of feet.
Armour fits poorly on your strangely shaped body.
You cover ground very quickly.
You have extremely tough skin. (AC +3)


Message History

Unknown command.
Unknown command.
It was a potion of degeneration.
There was something very wrong with that liquid.
You feel weakened.
You feel dopey.
You feel clumsy.
An orc and an orc wizard come into view.
The orc shouts!
The orc wizard shouts!
You hear a shout!
Unknown command.
Unknown command.
Unknown command.
A worker ant comes into view.
Unknown command.
The orc wizard begins to cast a cantrip, but forgets the words!
Unknown command.
Unknown command.
Unknown command.
Unknown command.
The orc wizard points at you and mumbles some strange words.
The magic dart hits you!
You die...

,,,,,,*##.#
#.........##...,.....
,,,,,,*
#.######......,........##
,,,,,,* #..#
#.####.*......#.#,
,,,,,,* ##.##
#.#**#.*#.....#.#,
,,,,,,* #..#
#.#*,,,*#..#..#,**
,,,,,,* ##.##
#.#*,**,,,,*,,,,,,
,,,,,,* #..#
#.#*,**,*,,,,**,*,
,,,,,,*
##O###.#*,**,*,,****,*,
*******
####..##@#*,,,,,,,* ****
#.....##.#*,,,,*,,* **
#......#.#**,*,**,******,
#....#.#.# *,*,**,,,,*,,,
#....#.#.###.#,***,*,*,*,
#....#.ooa.a.#,,,,,*,,,*,
####...o.##....#*********
#....>#,,....,,*
*#.##.##,,,#.#***


You could see a worker ant, 2 orc wizards and an orc.

Vanquished Creatures
  A giant cockroach (D:2)
  A ball python (D:2)
  A rat (D:2)
3 creatures vanquished.

Notes
Turn   | Place    | Note
-------+----------+-------------------------------------------
     0 | D:1      | 4thArraOfDagon the Centaur Transmuter began the quest for the Orb.
     0 | D:1      | Reached XP level 1. HP: 16/16 MP: 3/3
   105 | D:4      | Noticed an ogre
   122 | D:4      | Noticed an orc wizard
   129 | D:4      | Noticed an orc wizard
   132 | D:4      | Noticed a worker ant
   136 | D:4      | Killed from afar by an orc wizard

Vault maps used:
D:1:      dpeg_arrival_stone_temple_mockup
D:2:      minmay_wonky_spiral
D:3:      chequers_ecumenical_altar_twisty, uniq_terence
D:4:      first_bread

Action                   || total
-------------------------++-------
Melee: Unarmed           ||     5
       Kick              ||     2
       Headbutt          ||     1
 Cast: Beastly Appendage ||     1
  Use: Scroll            ||     2
       Potion            ||     1
Armor: Robe              ||     2

Table legend:
 A = Spawn XP
 B = Non-spawn XP
 C = Spawn XP percentage of total XP
 D = Spawn monster count
 E = Non-spawn monster count
 F = Spawn count percentage of total count
 G = Total turns spent on level
                    A         B        C        D         E        F      G
               +---------+---------+-------+---------+---------+-------+---------
         Total |       0 |       4 |   0.0 |       0 |       3 |   0.0 |   136
               +---------+---------+-------+---------+---------+-------+---------
           D:2 |       0 |       4 |   0.0 |       0 |       3 |   0.0 |    37
               +---------+---------+-------+---------+---------+-------+---------
